 Dungeon Crawl Stone Soup version 0.19.0-9-gfd783f2 (webtiles) character file.

355 mistymad the Gusty (level 6, -4/32 HPs)
             Began as a Tengu Air Elementalist on Nov 7, 2016.
             Slain by a centaur (6 damage)
             ... on level 5 of the Dungeon.
             The game lasted 00:12:17 (4211 turns).

mistymad the Gusty (Tengu Air Elementalist)         Turns: 4211, Time: 00:12:17

Health: -4/32      AC:  3    Str: 12    XL:     6   Next: 63%
Magic:  3/12       EV: 12    Int: 17    God:
Gold:   262        SH:  0    Dex: 14    Spells: 4 memorised, 2 levels left

rFire  . . .     SeeInvis .     w - +1 dagger (flame)
rCold  . . .     Gourm    .     a - +0 robe
rNeg   . . .     Faith    .     (no shield)
rPois  .         Spirit   .     (helmet restricted)
rElec  .         Reflect  .     (no cloak)
rCorr  .         Harm     .     q - +0 pair of gloves
MR     .....                    (boots unavailable)
Stlth  ++........               (no amulet)
                                (no ring)
                                y - +3 ring of strength

@: repel missiles
A: beak, talons 3, able to fly 1
a: Fly


You were on level 5 of the Dungeon.
You were not hungry.

You visited 1 branch of the dungeon, and saw 5 of its levels.

You collected 262 gold pieces.

Inventory:

Hand Weapons
 w - a +1 dagger of flaming (weapon)
Missiles
 g - a throwing net (quivered)
 s - 2 curare-tipped needles
Armour
 a - a +0 robe (worn)
 q - a +0 pair of gloves (worn)
Jewellery
 y - a +3 ring of strength (left hand)
Scrolls
 e - 2 scrolls of teleportation
 f - a scroll of enchant weapon
 k - 2 scrolls of identify
 o - 2 scrolls of fear
 A - a scroll of acquirement {unknown}
Potions
 d - 3 potions of curing
 h - 2 potions of might {unknown}
 i - 2 potions of brilliance {unknown}
 n - 2 potions of haste {unknown}
 p - 3 potions of lignification {unknown}
 r - a potion of flight {unknown}
 t - a potion of berserk rage {unknown}
 u - a potion of mutation {unknown}
 v - a potion of beneficial mutation {unknown}
Books
 b - a book of Air

   Spells                             Type                      Level
   a - Shock                          Conjuration/Air              1
   b - Swiftness                      Charms/Air                   2
   c - Repel Missiles                 Charms/Air                   2
   d - Static Discharge               Conjuration/Air              3
   e - Lightning Bolt                 Conjuration/Air              5
Comestibles
 c - 5 bread rations
 j - a slice of pizza
 l - a beef jerky
 m - a royal jelly
 x - a meat ration
 z - 4 chunks of flesh


   Skills:
 - Level 2.1 Dodging
 - Level 2.0 Stealth
 + Level 3.8 Spellcasting
 + Level 5.1 Conjurations
 + Level 6.3 Air Magic


You had 2 spell levels left.
You knew the following spells:

 Your Spells              Type           Power        Failure   Level  Hunger
a - Shock                 Conj/Air       ###.         1%          1    None
b - Repel Missiles        Chrm/Air       ##....       10%         2    ##.....
c - Swiftness             Chrm/Air       ##......     10%         2    ##.....
d - Lightning Bolt        Conj/Air       ###.......   45%         5    ######.


Dungeon Overview and Level Annotations

Branches:
Dungeon (5/15)
 Temple: D:4-7

Altars:

Annotations:
D:4 Grinder


Innate Abilities, Weirdness & Mutations

You have a beak for a mouth.
You have claws for feet.
You can fly.


Message History

* * * LOW HITPOINT WARNING * * *
You take 3 damage, and have 2/32 hp.
You now have 5/12 mp.
Casting: Shock
Confirm with . or Enter, or press ? or * to list all spells.
Aiming: Shock
Press: ? - help, Shift-Dir - straight line, f/p - centaur
Aim: a centaur (severely wounded)
The zap hits the centaur.
The centaur is almost dead.
The centaur hits you but does no damage.
The centaur barely misses you.
A phantom comes into view.
You now have 4/12 mp.
Casting: Shock
Confirm with . or Enter, or press ? or * to list all spells.
Aiming: Shock
Press: ? - help, Shift-Dir - straight line, f/p - centaur
Aim: a centaur (almost dead)
The zap misses the centaur.
The centaur hits you.
You die...

#.#... #.......? #.#..
#..W.?... #.#.#####
#........ #........
#........ #.....#
#........ #.....#
#........ .....[#
#........ #.....#
###c..?..%.
#.....########..@....###
#.....##........(#####
#.....##............#
#.....##............#
#.###.##............#
#.# #.##...รท...((...#
#.###..........######
#.#.....########
..#.....#


You could see a phantom and a centaur.

Vanquished Creatures
  A howler monkey (D:5)
  A crimson imp (D:5)
  Jessica (D:2)
  2 iguanas (D:5)
  A worker ant (D:3)
  7 adders
  A white imp (D:5)
  An adder skeleton (D:3)
  3 worms
  6 dart slugs
  9 orcs (D:3)
  4 giant cockroaches
  5 goblins
  5 hobgoblins
  11 jackals
  3 quokkas
  6 bats
  3 frilled lizards (D:1)
  8 kobolds
  8 rats
86 creatures vanquished.

Notes
Turn   | Place    | Note
-------+----------+-------------------------------------------
     0 | D:1      | mistymad the Tengu Air Elementalist began the quest for the Orb.
     0 | D:1      | Reached XP level 1. HP: 10/10 MP: 4/4
   306 | D:1      | Reached XP level 2. HP: 11/15 MP: 1/6
   861 | D:1      | Reached XP level 3. HP: 19/19 MP: 3/7
  1438 | D:2      | Reached XP level 4. HP: 24/24 MP: 4/8
  1481 | D:2      | Noticed Jessica
  1485 | D:2      | Killed Jessica
  1485 | D:2      | Reached skill level 5 in Air Magic
  2146 | D:3      | Learned a level 2 spell: Repel Missiles
  2149 | D:3      | Learned a level 2 spell: Swiftness
  2312 | D:3      | Gained mutation: You can fly. [Tengu growth]
  2312 | D:3      | Reached XP level 5. HP: 27/28 MP: 2/10
  3614 | D:3      | Learned a level 5 spell: Lightning Bolt
  3630 | D:4      | Noticed an ogre
  3631 | D:4      | Noticed Grinder
  3640 | D:5      | Entered Level 5 of the Dungeon
  3681 | D:5      | Reached skill level 6 in Air Magic
  3681 | D:5      | Reached XP level 6. HP: 28/32 MP: 6/12
  4013 | D:5      | Reached skill level 5 in Conjurations
  4211 | D:5      | Noticed a phantom
  4211 | D:5      | Slain by a centaur

Skill      XL: |  1  2  3  4  5  6 |
---------------+-------------------+-----
Conjurations   | 2 3 4 5 |  5.1
Air Magic      | 5 6 |  6.3
Spellcasting   | 3 |  3.8
Dodging        | |  2.1
Stealth        | |  2.0

Action                   |  1- 3 |  4- 6 || total
-------------------------+-------+-------++-------
Melee: Unarmed           |     8 |       ||     8
       Kick              |     2 |     3 ||     5
       Peck              |     1 |     2 ||     3
       Dagger            |       |    11 ||    11
 Cast: Shock             |    61 |   111 ||   172
       Repel Missiles    |       |     2 ||     2
  Use: Scroll            |       |    10 ||    10
  Eat: Chunk             |     2 |     9 ||    11
Armor: Robe              |     3 |    10 ||    13
Dodge: Dodged            |    16 |    46 ||    62
       Deflected         |       |     5 ||     5
